 Dungeon Crawl Stone Soup version 0.29.1-14-g9c671dbff4 (webtiles) character file.

Game seed: 15959040102581614512

23 Barneous the Shooter (level 3, 0/24 HPs)
             Began as an Octopode Hunter on Feb 17, 2023.
             Slain by an adder (3 damage)
             ... on level 2 of the Dungeon.
             The game lasted 00:03:11 (955 turns).

Barneous the Shooter (Octopode Hunter)               Turns: 955, Time: 00:03:12

Health: 0/24       AC:  3    Str: 10    XL:     3   Next: 0%
Magic:  4/4        EV: 13    Int: 17    God:
Gold:   56         SH:  0    Dex: 15    Spells: 3/3 levels left

rFire   . . .      SeeInvis .   a - +0 shortbow
rCold   . . .      Faith    .   (shield currently unavailable)
rNeg    . . .      Spirit   .   b - +2 hat "Wurhiaj" {+Inv rElec Int+4}
rPois   .          Reflect  .   (no amulet)
rElec   +          Harm     .   (no ring)
rCorr   .          Rampage  .   (no ring)
Will    .....                   (no ring)
Stlth   +++.......              (no ring)
HPRegen 0.08/turn               (no ring)
MPRegen 0.09/turn               (no ring)
                                (no ring)
                                (no ring)

@: lethally poisoned (0 -> -3)
A: almost no armour, amphibious, 8 rings, camouflage 1, gelatinous body 1,
(nimble swimmer 1), tentacles
a: Evoke Invisibility


You were on level 2 of the Dungeon.
You visited 1 branch of the dungeon, and saw 2 of its levels.

You collected 56 gold pieces.

Inventory:

Hand Weapons
 a - a +0 shortbow (weapon)
Armour
 b - the +2 hat "Wurhiaj" (worn) {+Inv rElec Int+4}
   (You acquired it on level 1 of the Dungeon)

   Int:       It affects your intelligence (+4).
   rElec:     It insulates you from electricity.
   +Inv:      It lets you turn invisible.
Jewellery
 c - a ring of fire


   Skills:
 + Level 2.2 Fighting
 + Level 4.1 Ranged Weapons
 + Level 2.2 Dodging
 + Level 2.0 Stealth
 + Level 0.8 Unarmed Combat
 + Level 0.7 Spellcasting


You had 3 spell levels left.
You didn't know any spells.
Your spell library contained the following spells:

 Spells                   Type           Power      Damage    Failure   Level
 Dispersal                Tloc           0%         N/A       100%        6
 Disjunction              Tloc           0%         N/A       100%        8


Dungeon Overview and Level Annotations

Branches:
Dungeon (2/15)

Altars:

Annotations:
D:2 Robin


Innate Abilities, Weirdness & Mutations

You cannot wear most types of armour.
You are amphibious.
You can wear up to eight rings at the same time.
Your skin changes colour to match your surroundings (Stealth+).
Your rubbery body absorbs attacks. (AC +1, EV +1)
((You are camouflaged when in or above water. (Stealth+)))
You have tentacles for arms and can constrict up to eight enemies at once.


Message History

The goblin barely misses you.
You are too injured to fight recklessly!
You are too injured to fight recklessly!
You are too injured to fight recklessly!
You are too injured to fight recklessly!
You aren't carrying any potions.
Fire: a) +0 shortbow
Press: ? - help, Q - select action, (/) - cycle Shift-Dir - straight line, f/p - adder
Aim: an adder (almost dead, 44% to hit)
You shoot an arrow. The arrow barely misses the adder.
The arrow hits the rat!
You kill the rat!
The adder closely misses you. The goblin hits you with a +0 dagger.
The adder bites you.
You are lethally poisoned!
The adder poisons you!
You have reached level 3!
Your experience leads to an increase in your attributes!
Your base attributes are Str 10, Int 11, Dex 15.
Increase (S)trength, (I)ntelligence, or (D)exterity?
You feel clever. x2
Fire: a) +0 shortbow
Press: ? - help, Q - select action, (/) - cycle Shift-Dir - straight line, f/p - adder
Aim: an adder (almost dead, 44% to hit)
You shoot an arrow. The arrow misses the adder.
The arrow hits the hobgoblin.
The hobgoblin is moderately wounded.
* * * LOW HITPOINT WARNING * * *
You feel sick. The adder closely misses you.
Robin of the Strong Arm comes into view.
They are wielding a +0 club.
The goblin completely misses you. The goblin hits you with a +0 dagger.
* * * LOW HITPOINT WARNING * * *
The adder closely misses you.
Fire: a) +0 shortbow
Press: ? - help, Q - select action, (/) - cycle Shift-Dir - straight line, f/p - adder
Aim: an adder (almost dead, 44% to hit)
You shoot an arrow. The arrow completely misses the adder.
The arrow closely misses the goblin.
* * * LOW HITPOINT WARNING * * *
You feel sick. The goblin barely misses you. The goblin closely misses you.
The hobgoblin barely misses you. The adder bites you.
You die...

...## ...8#
#..$##
#.[g..#
###.......
#8........
##g..g.⌠..$
#@Sg†.#
#ggg..##
#8..).8#
##...###
#...# #.###
.. ###


You could see Robin, an adder, a hobgoblin and 5 goblins.

Vanquished Creatures
  2 worms (D:2)
  A ball python (D:2)
  A bat (D:1)
  3 endoplasms (D:1)
  2 goblins
  A hobgoblin (D:1)
  3 kobolds
  A quokka (D:1)
  A rat (D:2)
15 creatures vanquished.

Notes
Turn   | Place    | Note
-------+----------+-------------------------------------------
     0 | D:1      | Barneous the Octopode Hunter began the quest for the Orb.
     0 | D:1      | Reached XP level 1. HP: 14/14 MP: 1/1
   151 | D:1      | Identified a scroll of acquirement
   151 | D:1      | Acquired the +2 hat "Wurhiaj" {+Inv rElec Int+4}
   454 | D:1      | Reached XP level 2. HP: 19/19 MP: 2/2
   954 | D:2      | Reached XP level 3. HP: 7/24 MP: 4/4
   954 | D:2      | Noticed Robin
   955 | D:2      | Slain by an adder

Illustrated notes

Levels and vault maps discovered:
D:1:      tarquinn_simple_flora_water_f, layout_basic, st_stairs_8,
          nrook_mini_backslash, nicolae_titane
D:2:      layout_rooms, basic_altar, shapermc_ecumenical_altar_pompeii,
          serial_corexii_hall, chequers_hall_statues_y, chequers_hall_statues_y,
          minmay_tetromino_s2, uniq_robin

Skill      XL: |  1  2 |
---------------+-------+-----
Stealth        | 2 |  2.0
Fighting       | |  2.2
Ranged Weapons | |  4.1
Dodging        | |  2.2
Unarmed Combat | |  0.8
Spellcasting   | |  0.7

Action                   || total
-------------------------++-------
 Fire: Shortbow          ||    50
  Use: Scroll            ||     7
       Potion            ||     1
Armor: Skin              ||     2
Dodge: Dodged            ||    19
